 Dungeon Crawl Stone Soup version 0.31-a0-640-g39d97e502b (webtiles) character file.

Game seed: 1144216149851970865

119 qw the Shooter (level 5, -2/32 HPs)
             Began as a Gargoyle Hunter on Aug 27, 2023.
             Slain by a hell rat (6 damage)
             ... in a sewer.
             The game lasted 00:00:44 (1594 turns).

qw the Shooter (Gargoyle Hunter)                    Turns: 1594, Time: 00:00:45

Health: -2/32      AC:  9    Str: 14    XL:     5   Next: 3%
Magic:  5/5        EV: 10    Int: 10    God:
Gold:   65         SH:  5    Dex: 15    Spells: 4/4 levels left

rFire   . . .        Y - +1 shortbow (freeze)
rCold   . . .        (shield currently unavailable)
rNeg    + . .        i - +0 ring mail
rPois   inf          (no helmet)
rElec   +            (no cloak)
rCorr   .            (no gloves)
SInv    .            (no boots)
Will    .....        g - amulet of reflection
Stlth   +            (no ring)
HPRegen 0.25/turn    (no ring)
MPRegen 0.09/turn

%: reflection
@: no status effects
A: sickness immunity, AC +4, negative energy resistance 1, electricity
resistance, torment resistance 1, petrification resistance
a: no special abilities


You were in a sewer.
You visited 1 branch of the dungeon, and saw 3 of its levels.
You also visited: Sewer.

You collected 65 gold pieces.


Innate Abilities, Weirdness & Mutations

You are immune to sickness and miasma.
Your stone body is resilient. (AC +4)
You are immune to poison.
You resist negative energy. (rN+)
You are resistant to electric shocks. (rElec)
You are resistant to unholy torment.
You are immune to petrification.


   Skills:
 - Level 3.0 Fighting
 + Level 5.7 Ranged Weapons
 - Level 1.2 Armour
 - Level 1.5 Dodging
 - Level 1.1 Stealth


You had 4 spell levels left.
You didn't know any spells.
Your spell library was empty.

Inventory:

Hand Weapons
 Y - a +1 shortbow of freezing (weapon)
Armour
 i - a +0 ring mail (worn)
Jewellery
 g - an amulet of reflection (around neck)
Potions
 b - a potion of magic {unknown}
 h - a potion of haste
 j - a potion of heal wounds {unknown}

Dungeon Overview and Level Annotations

Branches:
Dungeon (3/15)              Sewer (1/1)

Altars:
Qazlal


Message History

The arrow freezes the river rat.
You kill the river rat!
You have reached level 5!
You enter the shallow water.
Moving in this stuff is going to be slow.
You enter the shallow water.
Moving in this stuff is going to be slow.
You enter the shallow water.
Moving in this stuff is going to be slow.
As you open the door, it creaks loudly!
A hell rat comes into view.
The hell rat roars deafeningly!
A rat comes into view. x2
The hell rat moves out of view.
Found four items.
Found a gate leading back out of this place.
1588 ||| Stepping ~*~*~tactically~*~*~ (water).
Found a scroll labelled JAFINARU QIMA, a brown potion and a scroll of blinking.
There is an open door here.
You shoot an arrow. The arrow barely misses the hell rat.
The hell rat splashes around in the water. x2
You shoot an arrow. The arrow closely misses the hell rat.
The hell rat bites you!
A rat comes into view.
You shoot an arrow. The arrow hits the hell rat.
The arrow freezes the hell rat.
The hell rat is heavily wounded.
The hell rat splashes around in the water.
You block the hell rat's attack.
You shoot an arrow. The arrow closely misses the hell rat.
The hell rat splashes around in the water.
The rat bites you.
You shoot an arrow. The arrow hits the hell rat.
The arrow freezes the hell rat.
The hell rat is almost dead.
The hell rat splashes around in the water.
The rat bites you. The hell rat bites you!
You shoot an arrow.
The arrow hits the hell rat but does no damage.
The hell rat is almost dead.
The hell rat bites you.
You die...

#~~.\%.~###
#~...~\.~.~~###
~.~~~#####~%...#
~~~###!\?###%~.##
~~##~?!??!~##~.~#
. #~~~~~~.~.#~%%#
.~~~~~~##.~.# r
#~r~###...##
r.~~##@##~~~~.#
#.~~rr~~..~~###
###~~r~.~.###
#########


You could see a hell rat and 3 rats.

Vanquished Creatures
  An adder (D:2)
  4 river rats (Sewer)
  A dart slug (D:2)
  An orc (D:3)
  6 bats
  5 endoplasms
  7 giant cockroaches
  6 goblins
  3 hobgoblins
  5 jackals (D:1)
  2 quokkas
  6 ball pythons
  A frilled lizard (D:1)
  7 kobolds
  15 rats
70 creatures vanquished.

Notes
Turn   | Place    | Note
-------+----------+-------------------------------------------
     0 | D:1      | qw the Gargoyle Hunter began the quest for the Orb.
     0 | D:1      | Reached XP level 1. HP: 12/12 MP: 1/1
     0 | D:1      | 0 ||| qw: Version: 0.3-a-74-g0d5e918
     0 | D:1      | 0 ||| qw: Game counter: 189
     0 | D:1      | 0 ||| qw: Melee chars always use a shield: true
     0 | D:1      | 0 ||| qw: God list: Okawaru
     0 | D:1      | 0 ||| qw: Allow faded altars: false
     0 | D:1      | 0 ||| qw: Do Orc after clearing Dungeon:15 true
     0 | D:1      | 0 ||| qw: Do second Lair branch before Depths: true
     0 | D:1      | 0 ||| qw: Lair rune preference: random
     0 | D:1      | 0 ||| qw: Goals: Normal
     0 | D:1      | 0 ||| PLANNING D:1-11
    56 | D:1      | Reached XP level 2. HP: 16/17 MP: 2/2
   139 | D:1      | Found a faded altar of an unknown god.
   296 | D:1      | Reached XP level 3. HP: 15/21 MP: 3/3
   310 | D:1      | Reached skill level 5 in Ranged Weapons
   687 | D:1      | 687 ||| Stepping ~*~*~tactically~*~*~ (outnumbered).
   689 | D:1      | 689 ||| Stepping ~*~*~tactically~*~*~ (outnumbered).
   692 | D:1      | 692 ||| Stepping ~*~*~tactically~*~*~ (outnumbered).
   847 | D:1      | 847 ||| UPGRADING to +0 ring mail.
   857 | D:1      | 857 ||| DROPPING +0 leather armour.
   858 | D:1      | 858 ||| UPGRADING to amulet of reflection.
   863 | D:1      | 863 ||| READING scroll labelled BIUN OWUSTIRO.
   864 | D:1      | 864 ||| READING scroll labelled YTTUALL UC WIK.
   865 | D:1      | 865 ||| READING scroll labelled XAONEIRGH ILIOPH.
   866 | D:1      | 866 ||| READING scroll labelled ZIWKUOPTOUJ.
   867 | D:1      | 867 ||| DRINKING 2 clear potions.
   868 | D:1      | 868 ||| DROPPING scroll of butterflies.
   967 | D:2      | Reached skill level 1 in Armour
   986 | D:2      | Reached XP level 4. HP: 17/27 MP: 4/4
  1017 | D:2      | 1017 ||| FLEEEEING.
  1050 | D:2      | Reached skill level 3 in Fighting
  1336 | D:2      | 1336 ||| READING scroll labelled CAPOLE HEQID.
  1337 | D:2      | 1337 ||| READING scroll labelled JAASHO CATZ.
  1338 | D:2      | 1338 ||| READING scroll labelled YMOGILYRET.
  1363 | D:3      | 1363 ||| PLANNING SEWER
  1449 | D:3      | Found a stormy altar of Qazlal.
  1475 | D:3      | Found a glowing drain.
  1501 | D:3      | 1501 ||| READING scroll labelled VYCRI VYPOQA.
  1525 | Sewer    | Entered a sewer
  1538 | Sewer    | 1538 ||| Stepping ~*~*~tactically~*~*~ (water).
  1548 | Sewer    | 1548 ||| Stepping ~*~*~tactically~*~*~ (water).
  1575 | Sewer    | 1575 ||| Stepping ~*~*~tactically~*~*~ (water).
  1578 | Sewer    | Reached XP level 5. HP: 32/32 MP: 5/5
  1588 | Sewer    | 1588 ||| Stepping ~*~*~tactically~*~*~ (water).
  1593 | Sewer    | HP: 3/32 [hell rat (15)]
  1594 | Sewer    | Slain by a hell rat

Levels and vault maps discovered:
D:1:      elethiomel_arrival_infinity_welcomes_careful_drivers,
          layout_loops_ring, ebering_ecumenical_altar_sacrificial, st_stairs_1,
          lexackson_kobold_supper
D:2:      layout_rooms
D:3:      layout_loops_corners, gammafunk_temple_overflow_statue,
          grunt_qazlal_clouds, portal_sewer_entry_c, minivault_4,
          serial_park_tiny_1
Sewer:    sewer_hellmonk_bad_rat

Skill      XL: |  1  2  3  4 |
---------------+-------------+-----
Ranged Weapons | 5 |  5.7
Armour         | 1 |  1.2
Fighting       | 3 |  3.0
Dodging        | |  1.5
Stealth        | |  1.1

Action                     |  1- 3 |  4- 6 || total
---------------------------+-------+-------++-------
   Fire: Shortbow          |   106 |    61 ||   167
    Use: Scroll            |     4 |     4 ||     8
         Potion            |     1 |       ||     1
 Armour: Leather armour    |    24 |       ||    24
         Ring mail         |     5 |     5 ||    10
  Dodge: Dodged            |    34 |     8 ||    42
  Block: Other             |     4 |     7 ||    11
         Reflection        |     1 |       ||     1

Table legend:
 A = Non-vault XP
 B = Vault XP
 C = Vault XP percentage of total XP
 D = Non-vault monster count
 E = Vault monster count
 F = Vault count percentage of total count
                 A         B        C        D         E       F
            +---------+---------+-------+---------+---------+-------
      Total |      92 |      79 |  46.2 |      45 |      25 |  35.7
            +---------+---------+-------+---------+---------+-------
        D:1 |      46 |      13 |  22.0 |      26 |      10 |  27.8
        D:2 |      41 |       0 |   0.0 |      17 |       0 |   0.0
        D:3 |       5 |      10 |  66.7 |       2 |       8 |  80.0
      Sewer |       0 |      56 | 100.0 |       0 |       7 | 100.0
            +---------+---------+-------+---------+---------+-------
